 Dungeon Crawl Stone Soup version 0.31-a0-152-g6aa68a64a1 (webtiles) character file.

Game seed: 16652112614612959023

82 qw the Shooter (level 4, -8/40 HPs)
             Began as a Naga Hunter on June 10, 2023.
             Mangled by an ice beast (12 damage)
             ... on level 3 of the Dungeon.
             The game lasted 00:00:29 (1143 turns).

qw the Shooter (Naga Hunter)                        Turns: 1143, Time: 00:00:30

Health: -8/40      AC:  2    Str: 10 (13) XL:     4   Next: 43%
Magic:  4/4        EV:  9    Int:  7 (10) God:
Gold:   110        SH:  0    Dex: 14 (16) Spells: 3/3 levels left

rFire   . . .        Y - +0 shortbow
rCold   . . .        (shield currently unavailable)
rNeg    . . .        c - +0 leather armour
rPois   +            (no helmet)
rElec   .            (no cloak)
rCorr   .            (no gloves)
SInv    +            (no barding)
Will    .....        (no amulet)
Stlth   ++           (no ring)
HPRegen 0.26/turn    (no ring)
MPRegen 0.09/turn

%: no passive effects
@: very slow
A: AC +1, large, see invisible, deformed body, poison resistance, slowness 2,
spit poison 1, naga tail 1
a: Spit Poison


You were on level 3 of the Dungeon.
You visited 1 branch of the dungeon, and saw 3 of its levels.

You collected 110 gold pieces.


Innate Abilities, Weirdness & Mutations

Your serpentine skin is tough. (AC +1)
You have supernaturally acute eyesight. (SInv)
Armour fits poorly on your strangely shaped body.
Your system is resistant to poisons. (rPois)
You cover ground very slowly.
You can spit poison.
You have a snake-like lower body.


   Skills:
 + Level 2.6 Fighting
 - Level 5.0 Ranged Weapons
 - Level 1.5 Dodging
 - Level 1.5 Stealth


You had 3 spell levels left.
You didn't know any spells.
Your spell library was empty.

Inventory:

Hand Weapons
 Y - a +0 shortbow (weapon)
Armour
 c - a +0 leather armour (worn)
Jewellery
 b - a ring of fire
Scrolls
 d - a scroll of immolation {unknown}
Potions
 a - a potion of berserk rage {unknown}
 e - a potion of brilliance {unknown}
 f - a potion of haste
 g - a potion of heal wounds {unknown}

Dungeon Overview and Level Annotations

Branches:
Dungeon (3/15)

Altars:


Message History

Enter note:
Enter note: You see here a +0 dagger.
d - a scroll labelled DESTUG ECILEHOF
Enter note:
Enter note:
Enter note:
Enter note:
Enter note:
Found a stone staircase leading down.
Enter note:
Enter note:
Enter note:
Enter note:
There is a stone staircase leading down here.
An ice beast comes into view.
Enter note:
Enter note:
Enter note:
Enter note: You shoot an arrow.
The arrow hits the ice beast but does no damage.
You shoot an arrow.
The arrow hits the ice beast but does no damage.
You shoot an arrow. The arrow barely misses the ice beast.
You shoot an arrow.
The arrow hits the ice beast but does no damage.
The ice beast hits you. The ice beast freezes you!
You shoot an arrow. The arrow barely misses the ice beast.
The ice beast hits you but does no damage.
You shoot an arrow. The arrow closely misses the ice beast.
The ice beast hits you. The ice beast freezes you!
You shoot an arrow. The arrow hits the ice beast.
The ice beast is lightly wounded.
The ice beast closely misses you. The ice beast hits you.
The ice beast freezes you!
You shoot an arrow. The arrow hits the ice beast.
The ice beast is moderately wounded.
The ice beast hits you. The ice beast freezes you!
You die...

.#.##.#.# #.
......#.## #.
......#... #.
......#### #.
.....# ##. #.
..... #.. #. ###
########.#
#Y##.# #....
#.@..# #####.#.#
####.#
####........ #>#
#.....####.# #.#
#.##..####..
#.###.#........#
#.........####..
#####...........
#########


You could see an ice beast.

Vanquished Creatures
  Jessica (D:2)
  An adder (D:2)
  An ufetubus (D:2)
  A worm (D:2)
  A dart slug (D:2)
  3 bats
  4 endoplasms
  2 giant cockroaches
  2 goblins
  6 hobgoblins
  5 kobolds
  6 ball pythons
  A frilled lizard (D:3)
  2 rats (D:2)
36 creatures vanquished.

Notes
Turn   | Place    | Note
-------+----------+-------------------------------------------
     0 | D:1      | qw the Naga Hunter began the quest for the Orb.
     0 | D:1      | Reached XP level 1. HP: 19/19 MP: 1/1
     0 | D:1      | 0 ||| qw: Version: 0.2-a-122-gbc61b45
     0 | D:1      | 0 ||| qw: Game counter: 3644
     0 | D:1      | 0 ||| qw: Always use a shield: true
     0 | D:1      | 0 ||| qw: God list: Okawaru
     0 | D:1      | 0 ||| qw: Allow faded altars: false
     0 | D:1      | 0 ||| qw: Do Orc after D:15 true
     0 | D:1      | 0 ||| qw: Do second Lair branch before Depths: true
     0 | D:1      | 0 ||| qw: Lair rune preference: random
     0 | D:1      | 0 ||| qw: Plans: Normal
     0 | D:1      | 0 ||| PLANNING D:1-11
    46 | D:1      | 46 ||| INVOKING Spit Poison.
    87 | D:1      | 87 ||| INVOKING Spit Poison.
   109 | D:1      | 109 ||| INVOKING Spit Poison.
   114 | D:1      | 114 ||| INVOKING Spit Poison.
   115 | D:1      | Reached skill level 4 in Ranged Weapons
   115 | D:1      | Reached XP level 2. HP: 26/26 MP: 2/2
   119 | D:1      | 119 ||| INVOKING Spit Poison.
   126 | D:1      | 126 ||| INVOKING Spit Poison.
   431 | D:1      | 431 ||| DROPPING +0 ring mail of poison resistance.
   432 | D:1      | 432 ||| READING scroll labelled CEFIGE TORI.
   433 | D:1      | 433 ||| DRINKING 2 bubbling green potions.
   434 | D:1      | 434 ||| DROPPING scroll of butterflies.
   476 | D:2      | Noticed Jessica
   477 | D:2      | 477 ||| INVOKING Spit Poison.
   477 | D:2      | Killed Jessica
   478 | D:2      | Reached XP level 3. HP: 32/32 MP: 3/3
   488 | D:2      | 488 ||| INVOKING Spit Poison.
   500 | D:2      | 500 ||| INVOKING Spit Poison.
   503 | D:2      | 503 ||| INVOKING Spit Poison.
   509 | D:2      | 509 ||| INVOKING Spit Poison.
   511 | D:2      | Reached skill level 5 in Ranged Weapons
   561 | D:2      | 561 ||| INVOKING Spit Poison.
   562 | D:2      | Reached XP level 4. HP: 39/39 MP: 4/4
   574 | D:2      | 574 ||| INVOKING Spit Poison.
   585 | D:2      | 585 ||| INVOKING Spit Poison.
   586 | D:2      | 586 ||| INVOKING Spit Poison.
   610 | D:2      | 610 ||| INVOKING Spit Poison.
   647 | D:2      | 647 ||| INVOKING Spit Poison.
   767 | D:2      | 767 ||| INVOKING Spit Poison.
   768 | D:2      | 768 ||| INVOKING Spit Poison.
   773 | D:2      | 773 ||| INVOKING Spit Poison.
   789 | D:2      | 789 ||| INVOKING Spit Poison.
   878 | D:2      | 878 ||| READING scroll labelled SOHET FUKLI.
   879 | D:2      | 879 ||| READING scroll labelled QIGRIKKE PENOT.
   880 | D:2      | 880 ||| DRINKING 2 smoky amethyst potions.
   881 | D:2      | 881 ||| DROPPING potion of degeneration.
   905 | D:3      | 905 ||| INVOKING Spit Poison.
   910 | D:3      | 910 ||| INVOKING Spit Poison.
   994 | D:3      | 994 ||| INVOKING Spit Poison.
  1003 | D:3      | 1003 ||| READING scroll labelled OWAXUU CUOJ.
  1009 | D:3      | 1009 ||| INVOKING Spit Poison.
  1014 | D:3      | 1014 ||| INVOKING Spit Poison.
  1031 | D:3      | 1031 ||| INVOKING Spit Poison.
  1135 | D:3      | Noticed an ice beast
  1142 | D:3      | HP: 6/40 [ice beast (10)]
  1143 | D:3      | Mangled by an ice beast

Levels and vault maps discovered:
D:1:      dpeg_arrival_leaves_temple_mockup, layout_rooms
D:2:      layout_rooms, nicolae_concentric_dashed_squares_wild,
          item_on_display_a, uniq_jessica
D:3:      layout_loops_cross, mainiacjoe_overflow_cross_hatched,
          serial_co_window_serial, co_window_paths_a, co_window_paths_b,
          co_window_corner_a, co_window_cross_1, co_window_corner_a,
          co_window_broadway_a, co_window_of_opportunity_c, co_window_paths_c,
          co_window_of_opportunity_b, co_window_broadway_a, co_window_2corner,
          co_window_corner_cb, glass_columns_a, glass_columns_c,
          ebering_ecumenical_altar_box, serial_shops, nicolae_shop_peninsula

Skill      XL: |  1  2  3 |
---------------+----------+-----
Ranged Weapons | 4 5 |  5.0
Fighting       | |  2.6
Dodging        | |  1.5
Stealth        | |  1.5

Action                     |  1- 3 |  4- 6 || total
---------------------------+-------+-------++-------
   Fire: Shortbow          |    25 |    31 ||    56
Ability: Spit Poison       |    12 |    13 ||    25
    Use: Scroll            |     1 |     3 ||     4
         Potion            |     1 |     1 ||     2
 Armour: Leather armour    |     4 |     3 ||     7
  Dodge: Dodged            |     8 |     4 ||    12

Table legend:
 A = Non-vault XP
 B = Vault XP
 C = Vault XP percentage of total XP
 D = Non-vault monster count
 E = Vault monster count
 F = Vault count percentage of total count
                 A         B        C        D         E       F
            +---------+---------+-------+---------+---------+-------
      Total |      81 |      37 |  31.4 |      35 |       1 |   2.8
            +---------+---------+-------+---------+---------+-------
        D:1 |      18 |       0 |   0.0 |      10 |       0 |   0.0
        D:2 |      54 |      37 |  40.7 |      19 |       1 |   5.0
        D:3 |       9 |       0 |   0.0 |       6 |       0 |   0.0
            +---------+---------+-------+---------+---------+-------
